 Dungeon Crawl Stone Soup version 0.27-a0-34-gc18c9092ac (webtiles) character file.

Game seed: 8968860163342428415

508 Coron the Covered (level 6, -7/56 HPs)
             Began as a Deep Dwarf Conjurer on Jan 5, 2021.
             Mangled by Duvessa
             ... wielding a +0 rapier
              (11 damage)
             ... on level 4 of the Dungeon.
             The game lasted 00:16:49 (3959 turns).

Coron the Covered (Deep Dwarf Conjurer)             Turns: 3959, Time: 00:16:50

Health: -7/56      AC:  7    Str: 12    XL:     6   Next: 98%
Magic:  9/9        EV:  9    Int: 19    God:
Gold:   184        SH:  0    Dex: 11    Spells: 8/9 levels left

rFire    + . .     SeeInvis .   B - +0 hand axe (venom)
rCold    . . .     Faith    .   (no shield)
rNeg     . . .     Spirit   .   y - +0 scale mail
rPois    .         Reflect  .   (no helmet)
rElec    .         Harm     .   (no cloak)
rCorr    .         Rampage  .   (no gloves)
Will     .....                  (no boots)
Stlth    +.........             (no amulet)
HPRegen  0.00/turn              m - ring of protection from fire
MPRegen  0.11/turn              (no ring)

@: lethally poisoned (-7 -> -7), non-regenerating
A: damage resistance, heal wounds, sense surroundings 1, no regeneration
a: Heal Wounds


You were on level 4 of the Dungeon.
You visited 1 branch of the dungeon, and saw 4 of its levels.

You collected 184 gold pieces.

Inventory:

Hand Weapons
 g - a +0 hand axe
 B - a +0 hand axe of venom (weapon)
 C - a +0 war axe
Missiles
 d - 5 silver javelins
 e - 214 stones
 k - 4 javelins
 s - 4 curare-tipped darts
 v - 7 poisoned darts (quivered)
Armour
 h - a +0 ring mail
 t - a +0 chain mail
 y - a +0 scale mail (worn)
Jewellery
 m - a ring of protection from fire (left hand)
Scrolls
 b - 2 scrolls of teleportation
 f - a scroll of identify
 j - a scroll of immolation {unknown}
 n - a scroll of remove curse {unknown}
 o - a scroll of amnesia
 u - a scroll of noise {unknown}
 w - a scroll of random uselessness {unknown}
 x - a scroll of enchant armour {unknown}
 A - 2 scrolls of enchant weapon {unknown}
Potions
 a - a potion of lignification {unknown}
 c - 4 potions of flight
 i - a potion of ambrosia
 l - 2 potions of curing
 p - 4 potions of heal wounds
 q - a potion of might {unknown}
 r - a potion of haste {unknown}
 z - a potion of attraction {unknown}


   Skills:
 + Level 3.1 Fighting
 - Level 1.0 Axes
 - Level 6.0 Armour
 - Level 2.4 Dodging
 - Level 3.0 Stealth
 - Level 2.0 Spellcasting
 - Level 4.0 Conjurations


You had 8 spell levels left.
You knew the following spells:

 Your Spells              Type           Power        Failure   Level
a - Magic Dart            Conj           68%          14%         1

Your spell library contained the following spells:

 Spells                   Type           Power        Failure   Level
 Searing Ray              Conj           34%          22%         2
 Dazzling Flash           Conj/Hex       18%          67%         3
 Fulminant Prism          Conj/Hex       4%           97%         4
 Iskenderun's Mystic Bla  Conj/Tloc      9%           97%         4


Dungeon Overview and Level Annotations

Branches:
Dungeon (4/15)
 Temple: D:4-7

Altars:

Portals:
Abyss: D:4

Annotations:
D:4 2 transporters, Clumpoid's ghost, amateur GnFi; Duvessa


Innate Abilities, Weirdness & Mutations

You are resistant to damage.
You can heal yourself by infusing magical energy.
You passively map a small area around you.
You do not regenerate.


Message History

You hit Duvessa.
Duvessa is poisoned.
Duvessa is lightly wounded.
Duvessa barely misses you. Duvessa hits you with a +0 rapier.
You barely miss Duvessa.
Duvessa is lightly wounded.
Duvessa hits you with a +0 rapier. x2
You closely miss Duvessa.
Duvessa is lightly wounded.
Duvessa barely misses you.
You hit Duvessa.
Duvessa is moderately wounded.
Duvessa hits you but does no damage. Duvessa hits you with a +0 rapier!
You hit Duvessa but do no damage.
Duvessa looks even sicker.
Duvessa is moderately wounded.
Duvessa hits you with a +0 rapier!
* * * LOW HITPOINT WARNING * * *
Duvessa hits you with a +0 rapier!
* * * LOW HITPOINT WARNING * * *
You fail to use your ability.
Duvessa hits you with a +0 rapier!
You die...

.##.#####.### .. ##.....## #.#
..........# #^ ..:#####..# #.#
.##.####.##.., ##∩.#####.###.###
....# #©#$* #.# #....#.......#
.#######.## #..###.####.....#.#
.#........###....####....#####.#
.#.####.#.....# .....#### #.##
##.# #.##.).####.#.. #... ...#
#........(@.## #### ####
#.##...####e# #.###......... #.#
#######.###* #.# .# #.# .# #.#
*.# #. ** .# , ,


You could see Duvessa (berserk, very poisoned).

Vanquished Creatures
  A black bear (D:4)
  Dowan (D:4)
  A bullfrog skeleton (D:4)
  3 orc priests
  2 orc wizards (D:3)
  2 worker ants (D:4)
  A hound zombie (D:3)
  2 adders
  2 oozes (D:1)
  3 adder skeletons (D:3)
  3 worms
  2 dart slugs (D:3)
  A leopard gecko (D:3)
  13 orcs
  6 giant cockroaches
  8 goblins
  6 hobgoblins
  3 quokkas
  A ball python skeleton (D:3)
  2 ball python zombies (D:3)
  6 bats
  3 frilled lizards
  4 kobolds
  A leopard gecko skeleton (D:4)
  A quokka skeleton (D:3)
  9 rats
87 creatures vanquished.

Vanquished Creatures (others)
  A withered plant (D:3)
1 creature vanquished.

Grand Total: 88 creatures vanquished

Notes
Turn   | Place    | Note
-------+----------+-------------------------------------------
     0 | D:1      | Coron the Deep Dwarf Conjurer began the quest for the Orb.
     0 | D:1      | Reached XP level 1. HP: 15/15 MP: 3/3
   216 | D:1      | Reached XP level 2. HP: 22/22 MP: 0/5
   989 | D:2      | Reached skill level 1 in Armour
  1104 | D:2      | Reached XP level 3. HP: 28/28 MP: 3/6
  1533 | D:2      | Reached skill level 2 in Armour
  1977 | D:3      | Reached XP level 4. HP: 30/36 MP: 5/7
  1997 | D:3      | Reached skill level 3 in Armour
  2555 | D:3      | Reached skill level 4 in Armour
  2555 | D:3      | Reached XP level 5. HP: 28/43 MP: 3/8
  2574 | D:3      | Reached skill level 1 in Fighting
  2833 | D:3      | Reached skill level 1 in Axes
  3034 | D:4      | Reached skill level 5 in Armour
  3034 | D:4      | Reached XP level 6. HP: 29/52 MP: 6/9
  3131 | D:4      | Noticed Duvessa
  3131 | D:4      | Noticed Dowan
  3318 | D:4      | Noticed a small abomination
  3324 | D:4      | Found a transporter.
  3328 | D:4      | Noticed a small abomination
  3330 | D:4      | Found a transporter.
  3759 | D:4      | Reached skill level 6 in Armour
  3842 | D:4      | Found a one-way gate to the infinite horrors of the Abyss.
  3842 | D:4      | Noticed Clumpoid's ghost (amateur GnFi)
  3945 | D:4      | Killed Dowan
  3959 | D:4      | Mangled by Duvessa

Illustrated notes

Levels and vault maps discovered:
D:1:      grunt_arrival_lava_bath, layout_loops_ring
D:2:      layout_basic
D:3:      layout_basic, serial_undead, serial_undead_e, serial_undead_e,
          serial_undead_d, serial_undead_a
D:4:      black_bear_nest_2, layout_loops_ring, gammafunk_ghost_abyssal_escape,
          glass_columns_b, uniq_duvessa

Skill      XL: |  1  2  3  4  5  6 |
---------------+-------------------+-----
Spellcasting   | 2 |  2.0
Stealth        | 3 |  3.0
Armour         | 1 2 4 5 6 |  6.0
Conjurations   | 4 |  4.0
Fighting       | 2 3 |  3.1
Axes           | 1 |  1.0
Dodging        | |  2.4

Action                   |  1- 3 |  4- 6 || total
-------------------------+-------+-------++-------
Melee: Hand axe          |    15 |   130 ||   145
Throw: Javelin           |    12 |    16 ||    28
       Dart              |       |    23 ||    23
 Cast: Magic Dart        |    74 |    60 ||   134
 Abil: Heal Wounds       |       |     3 ||     3
  Use: Scroll            |     3 |     2 ||     5
Armor: Robe              |     3 |       ||     3
       Ring mail         |       |    26 ||    26
       Scale mail        |       |    33 ||    33
Dodge: Dodged            |    17 |    69 ||    86

Table legend: (Time is in decaauts)
 A = Elapsed time spent in this place.
 B = Non-inter-level travel time spent in this place.
 C = Inter-level travel time spent in this place.
 D = Time resting spent in this place.
 E = Time spent auto-exploring this place.
 F = Levels seen in this place.
 G = Mean time per level.
                   A        B        C        D        E       F      G
               +--------+--------+--------+--------+--------+-----+--------+
         Total |   4011 |   3903 |    108 |   1009 |   1743 |   4 | 1002.8 |
       Dungeon |   4011 |   3903 |    108 |   1009 |   1743 |   4 | 1002.8 |
               +--------+--------+--------+--------+--------+-----+--------+

Top non-repeatable levels by time:
     D:3: 1336 daAuts
     D:1: 899 daAuts
     D:2: 892 daAuts
     D:4: 884 daAuts
